 Dungeon Crawl Stone Soup version 0.20.1-1-g8b1a95d (webtiles) character file.

65 Starchild the Bolt Thrower (level 4, -1/25 HPs)
             Began as a Kobold Arcane Marksman on Aug 1, 2017.
             Slain by an adder (2 damage)
             ... on level 2 of the Dungeon.
             The game lasted 00:05:51 (1422 turns).

Starchild the Bolt Thrower (Kobold Arcane Marksman) Turns: 1422, Time: 00:05:52

Health: -1/25      AC:  2    Str:  7    XL:     4   Next: 35%
Magic:  5/5        EV: 15    Int: 15    God:
Gold:   137        SH:  0    Dex: 15    Spells: 2/5 levels left

rFire    . . .     SeeInvis .   a - +0 hand crossbow
rCold    . . .     Gourm    .   (shield restricted)
rNeg     . . .     Faith    .   e - +0 robe
rPois    .         Spirit   .   (no helmet)
rElec    .         Reflect  .   (no cloak)
rCorr    .         Harm     .   (no gloves)
MR       .....                  (no boots)
Stlth    +.........             (no amulet)
Regen    0.1/turn               (no ring)
MPRegen  0.1/turn               (no ring)

@: lethally poisoned (-1 -> -5), about to teleport
A: carnivore 3
a: no special abilities


You were on level 2 of the Dungeon.
You were near starving.

You visited 1 branch of the dungeon, and saw 2 of its levels.

You collected 137 gold pieces.

Inventory:

Hand Weapons
 a - a +0 hand crossbow (weapon)
 l - a +0 dagger
Missiles
 d - 12 bolts (quivered)
Armour
 e - a +0 robe (worn)
Scrolls
 g - a scroll of fog {unknown}
 h - a scroll of teleportation
 j - a scroll of amnesia {unknown}
 k - a scroll of identify {unknown}
 n - a scroll of enchant weapon {unknown}
 p - a scroll of remove curse {unknown}
 q - a scroll of enchant armour {unknown}
Books
 c - a book of Debilitation

   Spells                             Type                      Level
   a - Corona                         Hexes                        1
   b - Slow                           Hexes                        2
   c - Inner Flame                    Hexes/Fire                   3
   d - Portal Projectile              Hexes/Translocation          3
   e - Cause Fear                     Hexes                        4
   f - Leda's Liquefaction            Hexes/Earth                  4
Comestibles
 f - 3 meat rations
 o - a royal jelly


   Skills:
 - Level 1.1 Fighting
 + Level 3.0 Short Blades
 - Level 4.2 Crossbows
 - Level 2.4 Dodging
 - Level 1.1 Spellcasting
 - Level 3.0 Hexes


You had 2 spell levels left.
You knew the following spells:

 Your Spells              Type           Power        Failure   Level  Hunger
a - Corona                Hex            #......      7%          1    ##.....
b - Slow                  Hex            #.......     11%         2    ###....


Dungeon Overview and Level Annotations

Branches:
Dungeon (2/15)

Altars:
Zin


Innate Abilities, Weirdness & Mutations

You are small and have problems with some larger weapons.
You are carnivorous and can eat meat at any time.


Message History

Press: ? - help, Shift-Dir - straight line, f/p - adder
Aim: an adder (lightly wounded)
You shoot a bolt.
The bolt hits the adder but does no damage.
The adder is lightly wounded.
You feel sick. The adder bites you. The adder misses you.
Firing (i - inventory):
d - 13 bolts (quivered)
Press: ? - help, Shift-Dir - straight line, f/p - adder
Aim: an adder (lightly wounded)
You shoot a bolt. The bolt misses the adder.
The adder bites you.
* * * LOW HITPOINT WARNING * * *
The adder bites you.
* * * LOW HITPOINT WARNING * * *
* * * LOW HITPOINT WARNING * * *
You feel sick.
You aren't carrying any potions.
As you read the scroll labeled KAIFOD JOAN, it crumbles to dust.
You feel strangely unstable.
It was a scroll of teleportation.
The adder bites you.
You die...

#.........
#........
###.......
#.....#.. ....#
.....#.# #..# ....
#.#####..# ...
#(##..(.(# #.#
#.##S##.##
#.###.##@##.#
#######...........#
#........###.#.####
#.###..........#
###.##.......)..##
............#...#
###.####...######
#..)....##
#######.#


You could see an adder.

Vanquished Creatures
  3 adders (D:2)
  A worm (D:2)
  A dart slug (D:1)
  3 bats
  A giant cockroach (D:1)
  3 goblins (D:1)
  5 hobgoblins
  5 jackals (D:1)
  A quokka (D:2)
  A ball python (D:1)
  4 frilled lizards (D:1)
  3 kobolds
  3 rats
34 creatures vanquished.

Notes
Turn   | Place    | Note
-------+----------+-------------------------------------------
     0 | D:1      | Starchild the Kobold Arcane Marksman began the quest for the Orb.
     0 | D:1      | Reached XP level 1. HP: 12/12 MP: 2/2
   213 | D:1      | Reached skill level 3 in Crossbows
   216 | D:1      | Reached XP level 2. HP: 16/16 MP: 3/3
   231 | D:1      | Learned a level 2 spell: Slow
   490 | D:1      | Reached XP level 3. HP: 17/20 MP: 4/4
   544 | D:1      | Reached skill level 4 in Crossbows
  1002 | D:2      | Reached skill level 1 in Short Blades
  1012 | D:2      | Found a glowing silver altar of Zin.
  1051 | D:2      | Reached XP level 4. HP: 23/25 MP: 5/5
  1420 | D:2      | HP: 1/25 [poisoned by an adder]
  1422 | D:2      | Slain by an adder

Skill      XL: |  1  2  3  4 |
---------------+-------------+-----
Crossbows      | 3 4 |  4.2
Short Blades   | 2 3 |  3.0
Fighting       | |  1.1
Dodging        | |  2.4
Spellcasting   | |  1.1
Hexes          | |  3.0

Action                   |  1- 3 |  4- 6 || total
-------------------------+-------+-------++-------
Melee: Dagger            |    62 |    24 ||    86
 Fire: Hand crossbow     |    53 |    18 ||    71
 Cast: Corona            |     1 |     1 ||     2
  Use: Potion            |       |     3 ||     3
       Scroll            |       |     1 ||     1
Armor: Robe              |    15 |     3 ||    18
Dodge: Dodged            |    77 |    30 ||   107
